 Dungeon Crawl Stone Soup version 0.21.0 (webtiles) character file.

128 MovingMist the Agent of Entropy (level 4, -2/36 HPs)
             Began as a Demonspawn Abyssal Knight on Jan 7, 2018.
             Was a Priest of Lugonu.
             Slain by a gnoll
             ... wielding a +0 whip
              (7 damage)
             ... on level 3 of the Dungeon.
             The game lasted 00:04:19 (1736 turns).

MovingMist the Agent of Entropy (DsAK)              Turns: 1736, Time: 00:04:20

Health: -2/36      AC:  8    Str: 14    XL:     4   Next: 87%
Magic:  3/7        EV:  6    Int: 13    God:    Lugonu [***...]
Gold:   107        SH:  0    Dex: 12    Spells: 3/3 levels left

rFire    . . .     SeeInvis .   a - +1 hand axe
rCold    + . .     Gourm    .   (no shield)
rNeg     . . .     Faith    .   l - +0 chain mail
rPois    .         Spirit   .   (no helmet)
rElec    .         Reflect  .   (no cloak)
rCorr    .         Harm     .   (no gloves)
MR       .....                  (no boots)
Stlth    ..........             (no amulet)
HPRegen  0.12/turn              (no ring)
MPRegen  0.10/turn              (no ring)

@: no status effects
A: hooves 1, cold resistance 1
a: Depart the Abyss, Bend Space, Banish, Renounce Religion


You were on level 3 of the Dungeon.
You worshipped Lugonu.
Lugonu was most pleased with you.
You were hungry.

You visited 1 branch of the dungeon, and saw 3 of its levels.
You visited the Abyss 1 time.

You collected 107 gold pieces.

Inventory:

Hand Weapons
 a - a +1 hand axe (weapon)
Armour
 l - a +0 chain mail (worn)
Scrolls
 d - 3 scrolls of identify {unknown}
 e - 3 scrolls of teleportation {unknown}
 j - a scroll of immolation {unknown}
 m - a scroll of enchant weapon {unknown}
 o - a scroll of noise {unknown}
 p - a scroll of remove curse {unknown}
Potions
 b - 4 potions of brilliance {unknown}
 g - 2 potions of mutation {unknown}
 h - a potion of haste {unknown}
 i - a potion of berserk rage {unknown}
 k - 3 potions of curing {unknown}
 n - 2 potions of degeneration {unknown}
 q - a potion of lignification {unknown}
Comestibles
 c - 8 rations
 f - 9 chunks of flesh


   Skills:
 + Level 3.6 Fighting
 + Level 2.5 Axes
 - Level 1.7 Armour
 + Level 1.9 Dodging
 * Level 4.7 Invocations


You had 3 spell levels left.
You didn't know any spells.

Dungeon Overview and Level Annotations

Branches:
Dungeon (3/15)

Altars:
Cheibriados


Innate Abilities, Weirdness & Mutations

You have large cloven feet.
Your flesh is cold resistant. (rC+)


Message History

You hit the gnoll but do no damage. The gnoll hits you with a whip.
You hit the gnoll. You kick the gnoll, but do no damage.
The gnoll is moderately wounded.
Press: ? - help, Shift-Dir - straight line, f - gnoll shaman
Aim: a gnoll shaman, wielding a club and wearing a leather armour (chance to defeat MR: 83%)
The gnoll shaman is devoured by a tear in reality.
Lugonu claims a new guest.
You are feeling hungry.
Unknown command.
The gnoll hits you with a whip! The gnoll hits you with a halberd.
You hit the gnoll. Your kick misses the gnoll.
The gnoll is moderately wounded.
You hit the gnoll. The gnoll hits you but does no damage.
The gnoll hits you with a halberd!
* * * LOW HITPOINT WARNING * * *
You don't have enough magic at the moment.
A gnoll comes into view. It is wielding a club.
The gnoll shouts!
The gnoll hits you with a whip!
You die...

. ####..###.. #
#..##.# .###
#.....# ..<
##...#.###.#
........##...###.#
.####.#...........
#.###...####>#
#.....§gg.#
#####...#@#
##.##.# ...##g#
###..... #.##.#
#.##.# #. ... ...


You could see 3 gnolls.

Vanquished Creatures
  An adder (D:2)
  An ooze (D:2)
  A worm (D:2)
  4 dart slugs
  A leopard gecko (D:2)
  6 orcs (D:3)
  A ball python (D:1)
  2 giant cockroaches
  7 goblins
  9 hobgoblins
  15 jackals
  3 quokkas (D:2)
  8 bats
  3 frilled lizards
  5 kobolds
  6 rats
73 creatures vanquished.

Vanquished Creatures (others)
  A gnoll shaman (D:3)
1 creature vanquished.

Grand Total: 74 creatures vanquished

Notes
Turn   | Place    | Note
-------+----------+-------------------------------------------
     0 | Abyss:1  | MovingMist the Demonspawn Abyssal Knight began the quest for the Orb.
     0 | Abyss:1  | Reached XP level 1. HP: 18/18 MP: 2/2
    15 | D:1      | Escaped the Abyss
   113 | D:1      | Reached skill level 1 in Dodging
   203 | D:1      | Gained mutation: Your flesh is cold resistant. (rC+) [demonic ancestry]
   203 | D:1      | Reached XP level 2. HP: 15/24 MP: 4/4
   237 | D:1      | Reached skill level 3 in Invocations
   392 | D:1      | Reached ** piety under Lugonu
   804 | D:1      | Gained mutation: You have large cloven feet. [demonic ancestry]
   804 | D:1      | Reached XP level 3. HP: 24/29 MP: 5/5
  1034 | D:2      | Found a snail-covered altar of Cheibriados.
  1067 | D:2      | Reached skill level 4 in Invocations
  1078 | D:2      | Reached XP level 4. HP: 28/35 MP: 7/7
  1211 | D:2      | Reached *** piety under Lugonu
  1736 | D:3      | Slain by a gnoll

Skill      XL: |  1  2  3 |
---------------+----------+-----
Dodging        | 1 |  1.9
Invocations    | 3 4 |  4.7
Axes           | 2 |  2.5
Fighting       | |  3.6
Armour         | |  1.7

Action                   |  1- 3 |  4- 6 || total
-------------------------+-------+-------++-------
Melee: Hand axe          |   172 |    87 ||   259
       Kick              |    16 |    13 ||    29
Invok: Banish            |       |     1 ||     1
 Stab: Sleeping          |     2 |       ||     2
  Eat: Chunk             |     1 |     2 ||     3
Armor: Leather armour    |    12 |       ||    12
       Scale mail        |    55 |       ||    55
       Chain mail        |    26 |    64 ||    90
Dodge: Dodged            |    84 |    25 ||   109
